[ AOE2 MATCH · #473613345 ]
UnrankedEthiopians vs Tatars
[ REPLAY ANALYSIS · EXTRACTED FROM THE RECORDED GAME ]
Feudal
11:01
Castle
14:30
Imperial
—
| APM avg | 44.1 |
| APM peak | 87 |
| eAPM avg | 27.1 |
| Villagers / military | 96 / 16 |
Focus
⚔️ 31.9% · 🌾 68.1%
Archer ×13 · Monk ×2 · Unknown (1105) ×1 · Battering Ram ×1
Feudal
10:05
Castle
13:44
Imperial
—
| APM avg | 34.4 |
| APM peak | 66 |
| eAPM avg | 18.6 |
| Villagers / military | 119 / 7 |
Focus
⚔️ 20.1% · 🌾 79.9%
Cavalry Archer ×6 · Mangonel ×1
Feudal
11:03
Castle
14:55
Imperial
—
| APM avg | 32.0 |
| APM peak | 83 |
| eAPM avg | 19.5 |
| Villagers / military | 132 / 0 |
Focus
⚔️ 9.7% · 🌾 90.3%
Feudal
10:35
Castle
14:35
Imperial
—
| APM avg | 27.5 |
| APM peak | 64 |
| eAPM avg | 15.1 |
| Villagers / military | 104 / 12 |
Focus
⚔️ 15.3% · 🌾 84.7%
Spearman ×6 · Mangonel ×4 · Scorpion ×1 · Battering Ram ×1
Match map
Initial resources + every placement click. Lines = walls · curves = elevation contours. ◆ gold · ⬟ stone · ● berries · ✦ relic · ◌ wall gap
Your base· ✓ Closed at 14:30 · 17t walls · 2 gate(s)
Nasup's base· ✓ Closed at 13:44 · 0t walls · 2 gate(s)
Lets_AOE's base· ✓ Closed at 14:55 · 0t walls · 2 gate(s)
Skull's base· ✓ Closed at 14:35 · 0t walls · 2 gate(s)
Smoothed initial terrain · ◌ = detected wall gap · hover for details
Inputs per minute
— IAmSoFuckingToxic - - Nasup
Build order — IAmSoFuckingToxic
First 150 of 222 actions detected
| 0:01 | Create | Villager (Male) |
| 0:02 | Build | House |
| 0:03 | Build | House |
| 0:03 | Create | Villager (Male) |
| 0:09 | Create | Villager (Male) |
| 0:10 | Create | Villager (Male) |
| 0:10 | Create | Villager (Male) |
| 1:22 | Create | Villager (Male) |
| 2:01 | Create | Villager (Male) |
| 2:08 | Build | Lumber Camp |
| 2:09 | Create | Villager (Male) |
| 2:40 | Create | Villager (Male) |
| 2:54 | Create | Villager (Male) |
| 3:21 | Create | Villager (Male) |
| 3:27 | Build | House |
| 3:37 | Build | House |
| 3:37 | Build | House |
| 3:39 | Create | Villager (Male) |
| 4:01 | Build | Palisade Wall |
| 4:02 | Build | Palisade Wall |
| 4:05 | Build | Palisade Wall |
| 4:08 | Build | Palisade Wall |
| 4:11 | Build | Palisade Wall |
| 4:16 | Create | Villager (Male) |
| 4:19 | Build | House |
| 4:44 | Create | Villager (Male) |
| 4:44 | Create | Villager (Male) |
| 4:57 | Build | Mill |
| 5:22 | Build | House |
| 5:24 | Create | Villager (Male) |
| 5:25 | Create | Villager (Male) |
| 5:28 | Build | Palisade Wall |
| 5:37 | Build | Palisade Wall |
| 5:51 | Create | Villager (Male) |
| 6:08 | Create | Villager (Male) |
| 6:08 | Create | Villager (Male) |
| 6:38 | Create | Villager (Male) |
| 6:55 | Build | Mining Camp |
| 7:06 | Create | Villager (Male) |
| 7:23 | Create | Villager (Male) |
| 8:51 | Research | Feudal Age |
| 9:20 | Create | Villager (Male) |
| 9:35 | Build | Barracks |
| 10:24 | Build | Farm |
| 10:25 | Build | Farm |
| 11:01 | Age | Feudal Age |
| 11:03 | Build | Archery Range |
| 11:11 | Build | Blacksmith |
| 11:37 | Research | Double-Bit Axe |
| 11:50 | Research | Castle Age |
| 12:06 | Create | Archer |
| 12:16 | Research | Horse Collar |
| 12:28 | Build | Farm |
| 12:32 | Build | Farm |
| 12:50 | Create | Archer |
| 12:51 | Create | Villager (Male) |
| 12:59 | Build | Farm |
| 13:04 | Build | Farm |
| 13:17 | Create | Archer |
| 13:51 | Create | Archer |
| 13:55 | Create | Villager (Male) |
| 13:58 | Build | House |
| 14:12 | Create | Villager (Male) |
| 14:19 | Build | House |
| 14:22 | Create | Archer |
| 14:28 | Create | Villager (Male) |
| 14:30 | Age | Castle Age |
| 14:34 | Build | Monastery |
| 14:40 | Create | Archer |
| 14:51 | Build | University |
| 14:57 | Create | Archer |
| 15:07 | Create | Monk |
| 15:16 | Research | Fletching |
| 15:41 | Create | Villager (Male) |
| 16:01 | Create | Villager (Male) |
| 16:12 | Create | Monk |
| 16:16 | Create | Villager (Male) |
| 16:21 | Build | Town Center |
| 16:32 | Research | Crossbowman (upgrade) |
| 16:47 | Build | House |
| 16:48 | Build | House |
| 17:20 | Create | Villager (Male) |
| 17:32 | Build | Farm |
| 17:33 | Build | Farm |
| 17:33 | Build | Farm |
| 17:33 | Build | Farm |
| 17:33 | Build | Farm |
| 17:35 | Create | Villager (Male) |
| 17:36 | Create | Villager (Male) |
| 18:05 | Create | Archer |
| 18:06 | Create | Villager (Male) |
| 18:09 | Build | Farm |
| 18:11 | Build | Farm |
| 18:12 | Create | Villager (Male) |
| 18:12 | Create | Villager (Male) |
| 18:20 | Create | Archer |
| 18:35 | Create | Villager (Male) |
| 19:04 | Create | Archer |
| 19:07 | Create | Villager (Male) |
| 19:08 | Create | Villager (Male) |
| 19:11 | Build | Town Center |
| 19:12 | Create | Villager (Male) |
| 19:27 | Create | Archer |
| 19:28 | Create | Villager (Male) |
| 19:36 | Create | Villager (Male) |
| 19:50 | Create | Villager (Male) |
| 20:05 | Create | Villager (Male) |
| 20:06 | Build | Farm |
| 20:06 | Build | Farm |
| 20:06 | Build | Farm |
| 20:07 | Build | Farm |
| 20:25 | Create | Villager (Male) |
| 20:28 | Build | House |
| 20:30 | Build | House |
| 20:32 | Build | House |
| 20:47 | Create | Villager (Male) |
| 20:54 | Build | Siege Workshop |
| 21:06 | Research | Bodkin Arrow |
| 21:14 | Create | Villager (Male) |
| 21:18 | Research | Ballistics |
| 21:30 | Create | Unit 1105 |
| 21:32 | Create | Villager (Male) |
| 21:33 | Research | Ballistics |
| 21:34 | Create | Villager (Male) |
| 21:37 | Build | Farm |
| 21:37 | Build | Farm |
| 21:37 | Build | Farm |
| 21:38 | Build | Farm |
| 21:41 | Build | Farm |
| 21:45 | Create | Villager (Male) |
| 21:51 | Create | Villager (Male) |
| 22:02 | Create | Villager (Male) |
| 22:15 | Create | Villager (Male) |
| 22:17 | Create | Battering Ram |
| 22:51 | Create | Villager (Male) |
| 23:02 | Create | Villager (Male) |
| 23:02 | Create | Villager (Male) |
| 23:03 | Create | Villager (Male) |
| 23:05 | Research | Heavy Plow |
| 23:07 | Create | Villager (Male) |
| 23:08 | Create | Villager (Male) |
| 23:09 | Build | Farm |
| 23:09 | Build | Farm |
| 23:09 | Build | Farm |
| 23:09 | Build | Farm |
| 23:10 | Build | Farm |
| 23:10 | Build | Farm |
| 23:10 | Build | Farm |
| 23:50 | Create | Villager (Male) |
| 23:55 | Create | Villager (Male) |
Build order — Nasup
First 150 of 247 actions detected
| 0:00 | Create | Villager (Male) |
| 0:00 | Create | Villager (Male) |
| 0:01 | Create | Villager (Male) |
| 0:01 | Create | Villager (Male) |
| 0:02 | Build | House |
| 0:03 | Build | House |
| 1:30 | Create | Villager (Male) |
| 1:30 | Create | Villager (Male) |
| 2:05 | Create | Villager (Male) |
| 2:14 | Create | Villager (Male) |
| 2:22 | Build | Lumber Camp |
| 2:38 | Create | Villager (Male) |
| 3:09 | Create | Villager (Male) |
| 3:38 | Create | Villager (Male) |
| 3:55 | Build | House |
| 4:03 | Create | Villager (Male) |
| 4:31 | Create | Villager (Male) |
| 4:31 | Create | Villager (Male) |
| 4:34 | Build | Mill |
| 4:46 | Create | Villager (Male) |
| 4:46 | Create | Villager (Male) |
| 5:23 | Create | Villager (Male) |
| 5:33 | Create | Villager (Male) |
| 5:40 | Build | House |
| 6:27 | Create | Villager (Male) |
| 6:28 | Create | Villager (Male) |
| 6:55 | Create | Villager (Male) |
| 7:36 | Build | Mining Camp |
| 7:45 | Research | Feudal Age |
| 9:33 | Create | Villager (Male) |
| 9:33 | Create | Villager (Male) |
| 10:05 | Age | Feudal Age |
| 10:09 | Build | Market |
| 10:16 | Build | Blacksmith |
| 11:04 | Research | Castle Age |
| 11:16 | Build | House |
| 11:38 | Research | Double-Bit Axe |
| 11:38 | Research | Double-Bit Axe |
| 12:27 | Research | Horse Collar |
| 13:30 | Create | Villager (Male) |
| 13:44 | Age | Castle Age |
| 13:46 | Create | Villager (Male) |
| 13:51 | Build | Town Center |
| 13:56 | Research | Heavy Plow |
| 14:08 | Build | Town Center |
| 14:12 | Create | Villager (Male) |
| 14:24 | Create | Villager (Male) |
| 14:39 | Build | House |
| 14:48 | Build | House |
| 14:53 | Create | Villager (Male) |
| 14:53 | Create | Villager (Male) |
| 15:10 | Create | Villager (Male) |
| 15:16 | Build | Farm |
| 15:18 | Build | Farm |
| 15:19 | Build | Farm |
| 15:22 | Build | Farm |
| 15:23 | Create | Villager (Male) |
| 15:23 | Create | Villager (Male) |
| 15:31 | Create | Villager (Male) |
| 15:32 | Create | Villager (Male) |
| 15:34 | Build | Farm |
| 15:40 | Create | Villager (Male) |
| 15:51 | Build | Farm |
| 16:01 | Create | Villager (Male) |
| 16:02 | Create | Villager (Male) |
| 16:06 | Build | Farm |
| 16:08 | Create | Villager (Male) |
| 16:16 | Build | Farm |
| 16:20 | Create | Villager (Male) |
| 16:32 | Build | Farm |
| 16:32 | Create | Villager (Male) |
| 16:40 | Create | Villager (Male) |
| 16:41 | Create | Villager (Male) |
| 16:44 | Build | Farm |
| 16:52 | Build | Farm |
| 16:54 | Create | Villager (Male) |
| 16:58 | Create | Villager (Male) |
| 17:01 | Build | Farm |
| 17:05 | Build | Farm |
| 17:10 | Create | Villager (Male) |
| 17:11 | Create | Villager (Male) |
| 17:21 | Create | Villager (Male) |
| 17:25 | Build | Farm |
| 17:27 | Build | Farm |
| 17:27 | Create | Villager (Male) |
| 17:28 | Create | Villager (Male) |
| 17:28 | Create | Villager (Male) |
| 17:35 | Build | House |
| 17:49 | Research | Wheelbarrow |
| 17:55 | Build | House |
| 18:08 | Build | Barracks |
| 18:10 | Create | Villager (Male) |
| 18:10 | Create | Villager (Male) |
| 18:10 | Create | Villager (Male) |
| 18:10 | Create | Villager (Male) |
| 18:25 | Build | House |
| 18:28 | Create | Villager (Male) |
| 18:28 | Create | Villager (Male) |
| 18:41 | Build | Farm |
| 18:43 | Build | Farm |
| 18:46 | Build | Farm |
| 18:50 | Build | Farm |
| 18:55 | Create | Villager (Male) |
| 18:56 | Create | Villager (Male) |
| 19:03 | Build | Siege Workshop |
| 19:05 | Create | Villager (Male) |
| 19:05 | Create | Villager (Male) |
| 19:08 | Build | House |
| 19:25 | Create | Villager (Male) |
| 19:27 | Create | Villager (Male) |
| 19:29 | Build | Farm |
| 19:38 | Build | Stable |
| 19:42 | Create | Villager (Male) |
| 19:42 | Create | Villager (Male) |
| 19:42 | Create | Villager (Male) |
| 20:03 | Create | Villager (Male) |
| 20:07 | Build | Stone Wall |
| 20:14 | Create | Mangonel |
| 20:16 | Create | Villager (Male) |
| 20:16 | Create | Villager (Male) |
| 20:16 | Create | Villager (Male) |
| 20:27 | Build | Outpost |
| 20:29 | Create | Villager (Male) |
| 20:29 | Create | Villager (Male) |
| 20:29 | Create | Villager (Male) |
| 20:42 | Build | House |
| 20:48 | Build | Farm |
| 20:48 | Create | Villager (Male) |
| 20:49 | Create | Villager (Male) |
| 20:50 | Build | Farm |
| 20:53 | Build | Farm |
| 20:55 | Build | Farm |
| 21:00 | Build | House |
| 21:07 | Research | Bow Saw |
| 21:10 | Build | Farm |
| 21:14 | Build | Farm |
| 21:15 | Create | Villager (Male) |
| 21:16 | Create | Villager (Male) |
| 21:18 | Build | House |
| 21:23 | Build | Farm |
| 21:26 | Build | Farm |
| 21:27 | Create | Villager (Male) |
| 21:27 | Create | Villager (Male) |
| 21:27 | Create | Villager (Male) |
| 21:41 | Build | Farm |
| 21:51 | Build | Gate |
| 21:54 | Create | Villager (Male) |
| 21:54 | Create | Villager (Male) |
| 22:03 | Build | Farm |
| 22:03 | Create | Villager (Male) |
Build order — Lets_AOE
First 150 of 262 actions detected
| 0:02 | Create | Villager (Male) ×4 |
| 0:05 | Build | House |
| 0:07 | Build | House |
| 1:34 | Create | Villager (Male) |
| 2:05 | Create | Villager (Male) |
| 2:26 | Build | Lumber Camp |
| 2:30 | Create | Villager (Male) |
| 2:54 | Create | Villager (Male) |
| 2:54 | Create | Villager (Male) |
| 3:10 | Build | House |
| 3:35 | Build | House |
| 3:45 | Create | Villager (Male) |
| 3:45 | Create | Villager (Male) |
| 4:11 | Create | Villager (Male) |
| 4:20 | Research | Double-Bit Axe |
| 4:33 | Create | Villager (Male) |
| 5:01 | Create | Villager (Male) |
| 5:18 | Create | Villager (Male) |
| 5:25 | Build | Mill |
| 5:45 | Create | Villager (Male) |
| 6:03 | Create | Villager (Male) |
| 6:34 | Build | Mill |
| 6:38 | Create | Villager (Male) |
| 7:13 | Create | Villager (Male) |
| 7:13 | Create | Villager (Male) |
| 7:37 | Research | Horse Collar |
| 7:59 | Create | Villager (Male) |
| 8:20 | Create | Villager (Male) |
| 8:32 | Build | Farm |
| 8:37 | Build | Farm |
| 8:51 | Research | Feudal Age |
| 9:04 | Build | Mining Camp |
| 9:15 | Build | House |
| 9:47 | Create | Villager (Male) |
| 9:47 | Create | Villager (Male) |
| 10:26 | Build | Farm |
| 10:35 | Build | Farm |
| 11:03 | Age | Feudal Age |
| 11:07 | Build | Market |
| 11:20 | Build | Blacksmith |
| 12:15 | Research | Castle Age |
| 12:27 | Build | Farm |
| 12:30 | Build | Farm |
| 12:30 | Build | Farm |
| 13:08 | Research | Bow Saw |
| 13:17 | Build | House |
| 13:24 | Research | Heavy Plow |
| 14:47 | Create | Villager (Male) |
| 14:55 | Age | Castle Age |
| 14:59 | Build | Town Center |
| 15:04 | Build | Town Center |
| 15:14 | Create | Villager (Male) |
| 15:29 | Build | Farm |
| 15:30 | Build | Farm |
| 15:35 | Create | Villager (Male) |
| 15:50 | Create | Villager (Male) |
| 16:05 | Create | Villager (Male) |
| 16:05 | Create | Villager (Male) |
| 16:11 | Build | Farm |
| 16:17 | Build | Farm |
| 16:18 | Build | Farm |
| 16:24 | Build | House |
| 16:25 | Build | House |
| 16:26 | Build | House |
| 16:27 | Build | House |
| 16:34 | Create | Villager (Male) |
| 16:34 | Create | Villager (Male) |
| 16:34 | Create | Villager (Male) |
| 16:35 | Create | Villager (Male) |
| 16:35 | Create | Villager (Male) |
| 16:35 | Create | Villager (Male) |
| 16:45 | Build | Farm |
| 16:51 | Build | Farm |
| 17:05 | Build | Farm |
| 17:13 | Build | Farm |
| 17:23 | Create | Villager (Male) |
| 17:30 | Build | Farm |
| 17:31 | Build | Farm |
| 17:41 | Create | Villager (Male) |
| 17:41 | Create | Villager (Male) |
| 17:41 | Create | Villager (Male) |
| 17:41 | Create | Villager (Male) |
| 17:42 | Create | Villager (Male) |
| 17:46 | Build | Farm |
| 17:50 | Build | Farm |
| 18:02 | Build | Farm |
| 18:02 | Build | Farm |
| 18:04 | Create | Villager (Male) |
| 18:10 | Create | Villager (Male) |
| 18:10 | Create | Villager (Male) |
| 18:13 | Build | House |
| 18:14 | Build | House |
| 18:15 | Build | House |
| 18:22 | Build | Farm |
| 18:27 | Build | Farm |
| 18:32 | Research | Wheelbarrow |
| 18:37 | Create | Villager (Male) |
| 18:51 | Create | Villager (Male) |
| 19:09 | Build | Town Center |
| 19:12 | Create | Villager (Male) |
| 19:12 | Create | Villager (Male) |
| 19:12 | Create | Villager (Male) |
| 19:24 | Build | Mining Camp |
| 19:29 | Create | Villager (Male) |
| 19:29 | Create | Villager (Male) |
| 19:33 | Build | Farm |
| 19:40 | Research | Gold Mining |
| 19:53 | Create | Villager (Male) |
| 19:53 | Create | Villager (Male) |
| 19:54 | Create | Villager (Male) |
| 20:01 | Build | Farm |
| 20:02 | Build | Farm |
| 20:12 | Build | Farm |
| 20:15 | Create | Villager (Male) |
| 20:15 | Create | Villager (Male) |
| 20:23 | Build | Farm |
| 20:24 | Create | Villager (Male) |
| 20:29 | Build | Farm |
| 20:30 | Create | Villager (Male) |
| 20:30 | Create | Villager (Male) |
| 20:39 | Build | Farm |
| 20:45 | Build | Farm |
| 20:47 | Create | Villager (Male) |
| 20:47 | Create | Villager (Male) |
| 20:50 | Build | Farm |
| 20:58 | Create | Villager (Male) |
| 20:58 | Create | Villager (Male) |
| 20:58 | Create | Villager (Male) |
| 21:15 | Create | Villager (Male) |
| 21:23 | Build | Town Center |
| 21:26 | Research | Gold Shaft Mining |
| 21:27 | Create | Villager (Male) |
| 21:27 | Create | Villager (Male) |
| 21:27 | Create | Villager (Male) |
| 21:29 | Research | Stone Mining |
| 21:38 | Build | House |
| 21:39 | Build | House |
| 21:39 | Build | House |
| 21:41 | Build | House |
| 21:43 | Create | Villager (Male) |
| 21:43 | Create | Villager (Male) |
| 21:43 | Create | Villager (Male) |
| 21:45 | Create | Villager (Male) |
| 21:50 | Build | Farm |
| 21:57 | Build | Farm |
| 21:58 | Build | Farm |
| 22:00 | Create | Villager (Male) |
| 22:00 | Create | Villager (Male) |
| 22:06 | Build | Farm |
| 22:23 | Research | Hand Cart |
Build order — Skull
First 150 of 208 actions detected
| 0:00 | Create | Villager (Male) |
| 0:01 | Build | House |
| 0:06 | Create | Villager (Male) ×3 |
| 1:12 | Create | Villager (Male) |
| 1:12 | Create | Villager (Male) |
| 1:44 | Build | House |
| 2:05 | Create | Villager (Male) |
| 2:10 | Build | House |
| 2:16 | Build | Lumber Camp |
| 2:21 | Create | Villager (Male) |
| 2:51 | Create | Villager (Male) |
| 3:02 | Create | Villager (Male) |
| 3:39 | Create | Villager (Male) |
| 4:05 | Create | Villager (Male) |
| 4:30 | Create | Villager (Male) |
| 4:54 | Create | Villager (Male) |
| 5:16 | Create | Villager (Male) |
| 5:40 | Create | Villager (Male) |
| 5:53 | Build | House |
| 6:03 | Create | Villager (Male) |
| 6:20 | Create | Villager (Male) |
| 6:26 | Build | Mill |
| 6:31 | Create | Villager (Male) |
| 6:31 | Create | Villager (Male) |
| 7:09 | Build | Farm |
| 7:11 | Build | Farm |
| 7:14 | Build | Farm |
| 7:17 | Create | Villager (Male) |
| 8:25 | Research | Feudal Age |
| 9:19 | Create | Villager (Male) |
| 9:57 | Build | House |
| 10:00 | Build | Farm |
| 10:35 | Age | Feudal Age |
| 10:41 | Build | Market |
| 10:45 | Build | Blacksmith |
| 10:57 | Create | Villager (Male) |
| 11:24 | Create | Villager (Male) |
| 11:55 | Research | Castle Age |
| 12:15 | Research | Double-Bit Axe |
| 12:32 | Research | Horse Collar |
| 12:55 | Create | Villager (Male) |
| 14:03 | Create | Villager (Male) |
| 14:34 | Build | Farm |
| 14:34 | Build | Farm |
| 14:34 | Build | Farm |
| 14:34 | Build | Farm |
| 14:35 | Age | Castle Age |
| 14:39 | Build | Town Center |
| 14:41 | Build | Town Center |
| 14:44 | Research | Bow Saw |
| 14:47 | Create | Villager (Male) |
| 15:03 | Build | House |
| 15:04 | Create | Villager (Male) |
| 15:23 | Create | Villager (Male) |
| 15:38 | Create | Villager (Male) |
| 15:52 | Create | Villager (Male) |
| 15:58 | Build | Farm |
| 16:00 | Build | Farm |
| 16:01 | Create | Villager (Male) |
| 16:01 | Create | Villager (Male) |
| 16:03 | Build | Farm |
| 16:05 | Build | Farm |
| 16:05 | Create | Villager (Male) |
| 16:09 | Build | Farm |
| 16:21 | Create | Villager (Male) |
| 16:21 | Create | Villager (Male) |
| 16:28 | Build | Farm |
| 16:33 | Build | Farm |
| 16:34 | Create | Villager (Male) |
| 16:34 | Create | Villager (Male) |
| 16:36 | Build | Farm |
| 16:38 | Build | Farm |
| 16:40 | Create | Villager (Male) |
| 16:41 | Create | Villager (Male) |
| 16:45 | Build | Farm |
| 16:58 | Build | House |
| 16:59 | Build | House |
| 17:00 | Create | Villager (Male) |
| 17:00 | Create | Villager (Male) |
| 17:07 | Build | Farm |
| 17:09 | Build | Farm |
| 17:13 | Create | Villager (Male) |
| 17:26 | Create | Villager (Male) |
| 17:28 | Build | Farm |
| 17:34 | Build | House |
| 17:40 | Create | Villager (Male) |
| 17:47 | Create | Villager (Male) |
| 17:47 | Create | Villager (Male) |
| 17:48 | Create | Villager (Male) |
| 18:03 | Build | Siege Workshop |
| 18:05 | Create | Villager (Male) |
| 18:05 | Create | Villager (Male) |
| 18:09 | Build | House |
| 18:10 | Build | House |
| 18:15 | Build | House |
| 18:17 | Build | House |
| 18:19 | Create | Villager (Male) |
| 18:32 | Build | House |
| 18:35 | Create | Villager (Male) |
| 18:46 | Build | Farm |
| 18:48 | Build | Farm |
| 18:51 | Build | Farm |
| 18:53 | Create | Villager (Male) |
| 18:53 | Create | Villager (Male) |
| 19:03 | Build | Farm |
| 19:04 | Build | Farm |
| 19:07 | Build | Farm |
| 19:11 | Create | Villager (Male) |
| 19:12 | Create | Villager (Male) |
| 19:17 | Build | Farm |
| 19:25 | Create | Villager (Male) |
| 19:25 | Create | Villager (Male) |
| 19:36 | Build | Farm |
| 19:37 | Research | Wheelbarrow |
| 19:51 | Create | Villager (Male) |
| 19:53 | Build | Farm |
| 19:55 | Build | Farm |
| 19:58 | Build | Farm |
| 20:06 | Create | Villager (Male) |
| 20:22 | Create | Villager (Male) |
| 20:22 | Create | Villager (Male) |
| 20:26 | Create | Mangonel |
| 20:40 | Create | Villager (Male) |
| 20:40 | Create | Villager (Male) |
| 20:43 | Create | Villager (Male) |
| 20:56 | Build | Mining Camp |
| 21:03 | Create | Villager (Male) |
| 21:03 | Create | Villager (Male) |
| 21:03 | Create | Villager (Male) |
| 21:22 | Build | Outpost |
| 21:24 | Research | Hand Cart |
| 21:25 | Create | Villager (Male) |
| 21:25 | Create | Villager (Male) |
| 21:35 | Build | House |
| 21:36 | Build | House |
| 21:38 | Build | House |
| 21:43 | Create | Villager (Male) |
| 21:43 | Create | Villager (Male) |
| 21:43 | Create | Villager (Male) |
| 21:53 | Build | House |
| 22:07 | Research | Gold Mining |
| 22:08 | Create | Villager (Male) |
| 22:17 | Build | Lumber Camp |
| 22:31 | Create | Mangonel |
| 22:36 | Create | Villager (Male) |
| 22:42 | Create | Villager (Male) |
| 22:54 | Create | Villager (Male) |
| 22:55 | Create | Villager (Male) |
| 22:57 | Create | Villager (Male) |
| 23:04 | Create | Villager (Male) |
Match timeline
| 4:01 | IAmSoFuckingToxic · wall_segment Palisade Wall x1 |
| 4:02 | IAmSoFuckingToxic · wall_segment Palisade Wall x1 |
| 4:05 | IAmSoFuckingToxic · wall_segment Palisade Wall x1 |
| 4:08 | IAmSoFuckingToxic · wall_segment Palisade Wall x1 |
| 4:11 | IAmSoFuckingToxic · wall_segment Palisade Wall x1 |
| 5:28 | IAmSoFuckingToxic · wall_segment Palisade Wall x7 |
| 5:37 | IAmSoFuckingToxic · wall_segment Palisade Wall x5 |
| 9:35 | IAmSoFuckingToxic · first_building Barracks |
| 10:05 | Nasup · age_up feudal |
| 10:35 | Skull · age_up feudal |
| 11:01 | IAmSoFuckingToxic · age_up feudal |
| 11:03 | IAmSoFuckingToxic · first_building Archery Range |
| 11:03 | Lets_AOE · age_up feudal |
| 13:44 | Nasup · age_up castle |
| 14:30 | IAmSoFuckingToxic · age_up castle |
| 14:34 | IAmSoFuckingToxic · first_building Monastery |
| 14:35 | Skull · age_up castle |
| 14:55 | Lets_AOE · age_up castle |
| 15:06 | Nasup · first_market_buy 100 food |
| 17:37 | Lets_AOE · first_market_buy 100 stone |
| 18:03 | Skull · first_building Siege Workshop |
| 18:08 | Nasup · first_building Barracks |
| 19:03 | Nasup · first_building Siege Workshop |
| 19:38 | Nasup · first_building Stable |
| 20:07 | Nasup · wall_segment Stone Wall x1 |
| 20:54 | IAmSoFuckingToxic · first_building Siege Workshop |
| 24:07 | Skull · first_building Barracks |
| 24:15 | Skull · first_market_sell 100 wood |
| 24:25 | Nasup · first_building Archery Range |
| 24:36 | Lets_AOE · first_building Siege Workshop |
| 25:01 | IAmSoFuckingToxic · first_market_buy 100 stone |
| 25:42 | Lets_AOE · first_building Barracks |
| 25:49 | Lets_AOE · first_market_sell 100 food |
| 26:06 | Lets_AOE · first_building Castle |
| 26:07 | Nasup · first_market_sell 100 wood |
| 26:38 | Lets_AOE · first_building Archery Range |
| 26:51 | Lets_AOE · first_building Stable |
| 27:10 | IAmSoFuckingToxic · resign |
[ AI ANALYSIS · 1 CREDIT ]
What really happened in this match?
Wolo.gg analyzes every decision: build order, eco, micro, common mistakes by bracket. Personalized analysis on WhatsApp or Discord in 30 seconds.
Civ guide
Ethiopians
Perfil
Jugador #17876376